 Dungeon Crawl Stone Soup version 0.20-a0-449-g96be121 (webtiles) character file.

22 Gorice the Vexing (level 2, 0/22 HPs)
             Began as a Demonspawn Arcane Marksman on Jan 7, 2017.
             Succumbed to a scorpion's poison
             ... on level 2 of the Dungeon.
             The game lasted 00:03:15 (1109 turns).

Gorice the Vexing (Demonspawn Arcane Marksman)      Turns: 1109, Time: 00:03:16

Health: 0/22       AC:  3    Str: 10    XL:     2   Next: 68%
Magic:  3/3        EV: 12    Int: 14    God:
Gold:   45         SH:  0    Dex: 13    Spells: 2/3 levels left

rFire  . . .     SeeInvis .     a - +0 dagger
rCold  . . .     Gourm    .     g - +0 robe
rNeg   . . .     Faith    .     (no shield)
rPois  .         Spirit   .     i - +0 helmet
rElec  .         Reflect  .     (no cloak)
rCorr  .         Harm     .     (no gloves)
MR     .....                    (no boots)
Stlth  +.........               (no amulet)
                                (no ring)
                                (no ring)

@: lethally poisoned (0 -> -4)
A: claws 1
a: no special abilities


You were on level 2 of the Dungeon.
You were not hungry.

You visited 1 branch of the dungeon, and saw 2 of its levels.

You collected 45 gold pieces.

Inventory:

Hand Weapons
 a - a +0 dagger (weapon)
Missiles
 c - 4 javelins (quivered)
 Y - 2 throwing nets
 Z - 2 stones
Armour
 g - a +0 robe (worn)
 i - a +0 helmet (worn)
 j - a +0 buckler
Scrolls
 e - a scroll of teleportation {unknown}
 k - a scroll of enchant armour {unknown}
 l - a scroll of amnesia {unknown}
 m - a scroll of magic mapping {unknown}
 n - 3 scrolls of identify {unknown}
Books
 b - a book of Debilitation
Comestibles
 f - a bread ration {!e}
 h - a chunk of flesh


   Skills:
 + Level 2.0 Fighting
 + Level 2.4 Throwing
 - Level 1.7 Dodging
 - Level 1.0 Spellcasting
 - Level 3.0 Hexes


You had 2 spell levels left.
You knew the following spells:

 Your Spells              Type           Power        Failure   Level  Hunger
a - Corona                Hex            #......      10%         1    ##.....


Dungeon Overview and Level Annotations

Branches:
Dungeon (2/15)

Altars:


Innate Abilities, Weirdness & Mutations

You have sharp fingernails.


Message History

The bat is severely wounded.
The bat completely misses you. The kobold hits you.
* * * LOW HITPOINT WARNING * * *
Unknown command.
Damage: 3 (max 5)
You are too injured to fight recklessly!
Unknown command.
Unknown command.
Unknown command.
You feel sick. The kobold barely misses you.
Damage: 1 (max 5)
The bat hits you but does no damage. The bat hits you but does no damage.
You feel sick. The bat hits you but does no damage.
Damage: 1 (max 5)
A hobgoblin comes into view. It is wielding a club.
The hobgoblin shouts!
The bat misses you. x2
A bat comes into view.
You feel sick. The bat barely misses you. The bat hits you but does no damage.
Damage: 1 (max 5)
The bat barely misses you. x2; The bat hits you but does no damage.
The hobgoblin hits you with a club.
* * * LOW HITPOINT WARNING * * *
The bat hits you but does no damage.
Damage: 6 (max 6) Unknown command.
Unknown command.
Unknown command.
You miss the bat. The bat closely misses you.
The bat hits you but does no damage.
The hobgoblin hits you but does no damage.
Unknown command.
Unknown command.
Unknown command.
Unknown command.
Unknown command.
Unknown command.
Unknown command.
Unknown command.
Unknown command.
Unknown command.
Unknown command.
Unknown command.
You hit the bat but do no damage. The bat closely misses you.
The bat barely misses you. The bat closely misses you.
The bat barely misses you. x2; The bat misses you.
A goblin comes into view. It is wielding a club.
You closely miss the bat.
You die...

#.. g.. #.#
#.. #.####
#.....
.######g##.#
......#@##.##
#...Kbb>..#
#...#.##.####
#####.##.##.#
#...K...#
####.#.##
#...# #<.##
#...#


You could see a hobgoblin, a goblin (wandering), 2 bats and a kobold.

Vanquished Creatures
  2 leopard geckos (D:1)
  3 bats (D:1)
  A giant cockroach (D:1)
  4 goblins (D:1)
  2 hobgoblins (D:1)
  2 frilled lizards (D:1)
  A kobold (D:1)
  4 rats (D:1)
19 creatures vanquished.

Notes
Turn   | Place    | Note
-------+----------+-------------------------------------------
     0 | D:1      | Gorice the Demonspawn Arcane Marksman began the quest for the Orb.
     0 | D:1      | Reached XP level 1. HP: 15/15 MP: 2/2
   148 | D:1      | HP: 4/15 [leopard gecko (5)]
   149 | D:1      | Reached skill level 2 in Throwing
   507 | D:1      | Gained mutation: You have sharp fingernails. [demonic ancestry]
   507 | D:1      | Reached XP level 2. HP: 21/21 MP: 3/3
   974 | D:1      | Reached skill level 2 in Fighting
  1071 | D:1      | Noticed a scorpion
  1083 | D:1      | HP: 6/22 [poisoned by a scorpion]
  1106 | D:2      | HP: 1/22 [hobgoblin/club (6)]
  1109 | D:2      | Succumbed to a scorpion's poison

Vault maps used:
D:1:      dpeg_arrival_brainrot
D:2:      nicolae_overflow_crystal_walls, serial_aquarium,
          aquarium_bridge_straight, aquarium_window_fake,
          aquarium_window_corridor_3, aquarium_window_fake,
          aquarium_window_corner, aquarium_view_2f, aquarium_balcony_3b,
          minmay_tetromino_l2

Skill      XL: |  1  2 |
---------------+-------+-----
Throwing       | 2 |  2.4
Fighting       | 2 |  2.0
Dodging        | |  1.7
Spellcasting   | |  1.0
Hexes          | |  3.0

Action                   || total
-------------------------++-------
Melee: Dagger            ||    90
Throw: Javelin           ||     8
  Use: Potion            ||     1
 Stab: Sleeping          ||     1
  Eat: Chunk             ||     1
Armor: Robe              ||    36
Dodge: Dodged            ||    88

Table legend:
 A = Turns spent in this place as a percentage of turns spent in the entire game.
 B = Non-inter-level travel turns spent in this place as a percentage of non-inter-level travel turns spent in the entire game.
 C = Inter-level travel turns spent in this place as a percentage of turns spent in this place.
 D = Turns resting spent in this place as a percentage of non-inter-level travel turns spent in this place.
 E = Turns spent auto-exploring this place as a percentage of non-inter-level travel turns spent in this place.
 F = Non-inter-level travel turns spent in this place divided by the number of levels of this place that you've seen.
                   A       B       C       D       E      F
               +-------+-------+-------+-------+-------+----------------------
         Total | 100.0 | 100.0 |   0.0 |   1.1 |   6.2 | 178.5
       Dungeon | 100.0 | 100.0 |   0.0 |   1.1 |   6.2 | 178.5
               +-------+-------+-------+-------+-------+----------------------

Vault maps used:
D:1:      dpeg_arrival_brainrot
D:2:      nicolae_overflow_crystal_walls, serial_aquarium,
          aquarium_bridge_straight, aquarium_window_fake,
          aquarium_window_corridor_3, aquarium_window_fake,
          aquarium_window_corner, aquarium_view_2f, aquarium_balcony_3b,
          minmay_tetromino_l2
